Map: Dusty Gorge

Players

Regicide

  • Race: Zerg Zerg
  • League: Diamond
  • Spawn Location: 11:00

Runemark

  • Race: Protoss Protoss
  • Spawn Location: 9:00

Adversity - Winner!

  • Race: Terran Terran
  • Spawn Location: 3:00

TrillyTheKid - Winner!

  • Race: Protoss Protoss
  • League: Diamond
  • Spawn Location: 5:00

VOD

Have the link to the VOD?

Description

Time

  • Played on: Sept. 5, 2018, 8:05 a.m.
  • Length: 8:31
Show
View Real Time Build Order
Export as new Build Order

Regicide Zerg 

Build Orders: Pool First 

Get SALT Encoding   

  12  0:01  Drone  
  13  0:13  Overlord  
  13  0:18  Drone  
  14  0:33  Drone  
  14  0:34  Drone  
  16  0:38  Drone  
  17  0:45  Extractor  
  17  0:47  Drone  
  17  0:59  Spawning Pool  
  17  1:04  Drone  
  17  1:10  Drone  
  18  1:28  Drone  
  19  1:36  Hatchery  
  18  1:44  Overlord  
  18  1:46  Queen  
  20  1:51  Metabolic Boost  
  20  1:56  Zergling x2  
  21  2:04  Zergling x4  
  23  2:16  Baneling Nest  
  22  2:29  Zergling x2  
  23  2:36  Zergling x2  
  24  2:52  Zergling x4  
  24  2:58  Zergling x6  
  29  3:11  Baneling  
  29  3:12  Baneling x5  
  29  3:13  Zergling x2  
  29  3:14  Zergling x6  
  29  3:39  Zergling x2  
  29  3:40  Zergling x6  
  30  3:50  Zergling x4  
  29  3:58  Drone  
  29  3:59  Drone  
  29  4:03  Zergling x2  
  30  4:13  Drone  
  31  4:17  Drone  
  31  4:18  Drone  
  31  4:27  Drone x2  
  32  4:37  Drone  
  32  4:38  Drone  
  29  4:47  Drone x2  
  29  4:48  Queen x2  
  35  4:58  Drone  
  36  5:01  Overlord  
  36  5:05  Evolution Chamber  
  35  5:08  Evolution Chamber  
  34  5:16  Drone x2  
  36  5:23  Drone x3  
  39  5:30  Spore Crawler  
  38  5:42  Overlord x2  
  38  5:51  Overlord  
  38  6:03  Drone x3  
  38  6:04  Drone x6  
  44  6:08  Extractor  
  44  6:10  Zergling x4  
  48  6:13  Lair  
  48  6:21  Zergling x4, Hatchery  
  48  6:22  Zergling x6  
  52  6:26  Zerg Melee Weapons Level 1, Zerg Ground Armor Level 1  
  52  6:34  Zergling x4  
  54  6:44  Zergling x4  
  16  8:12  Extractor  
  15  8:13  Extractor  
Show
View Real Time Build Order
Export as new Build Order

Runemark Protoss 

Build Orders: Blink Stalkers 

Get SALT Encoding   

  12  0:03  Probe  
  13  0:14  Pylon  
  13  0:18  Probe  
  14  0:30  Probe  
  15  0:39  Gateway  
  15  0:42  Probe  
  16  0:50  Assimilator, Probe  
  17  0:58  Probe, Pylon  
  18  1:09  Probe  
  19  1:21  Forge  
  19  1:28  Probe  
  19  1:29  Cybernetics Core  
  20  1:36  Probe  
  20  1:43  Pylon  
  21  1:59  Photon Cannon  
  21  2:06  Photon Cannon  
  21  2:16  Photon Cannon  
  20  2:26  Photon Cannon  
  20  2:39  Twilight Council  
  20  2:51  Gateway  
  20  2:57  Gateway  
  20  3:01  Probe  
  20  3:02  Protoss Ground Weapons Level 1  
  21  3:16  Assimilator  
  21  3:26  Blink  
  21  3:28  Probe  
  22  3:41  Probe  
  23  4:01  Stalker  
  23  4:04  Stalker  
  27  4:14  Warp Gate  
  27  4:24  Stalker x2  
  27  4:28  Nexus  
  31  4:40  Stalker  
  33  4:54  Stalker  
  33  4:55  Probe  
  36  5:00  Assimilator  
  36  5:05  Assimilator  
  36  5:07  Probe  
  36  5:13  Stalker  
  39  5:27  Pylon  
  39  5:34  Pylon  
  39  5:39  Probe  
  39  5:41  Probe  
  41  5:49  Stalker  
  43  5:51  Probe  
  43  5:53  Probe  
  45  6:08  Stalker  
  45  6:09  Stalker  
  49  6:21  Probe  
  49  6:23  Probe  
  51  6:33  Probe  
  51  6:35  Probe  
  53  6:42  Stalker  
  53  6:45  Stalker, Probe  
  58  6:47  Probe  
  59  6:58  Probe  
  59  6:59  Probe  
  61  7:06  Stalker  
  63  7:10  Probe  
  63  7:11  Probe  
  63  7:12  Stalker  
  63  7:15  Stalker  
  61  7:35  Stalker  
  63  7:40  Stalker  
  63  7:42  Stalker  
  63  7:43  Stargate  
  55  7:46  Stargate  
  55  7:48  Stargate  
  51  7:55  Stalker  
Show
View Real Time Build Order
Export as new Build Order

Adversity Terran - Winner!

Build Orders: Reaper Expand 

Get SALT Encoding   

  12  0:01  SCV  
  13  0:13  SCV  
  14  0:18  Supply Depot  
  14  0:26  SCV  
  15  0:39  SCV  
  15  0:41  Barracks  
  16  0:46  Refinery  
  16  0:53  SCV  
  17  1:05  SCV  
  18  1:22  SCV  
  19  1:35  Orbital Command  
  19  1:38  Reaper  
  20  1:46  Command Center  
  20  1:58  Supply Depot  
  20  2:03  SCV  
  21  2:10  Barracks Reactor  
  21  2:15  SCV  
  22  2:22  Barracks  
  22  2:25  Barracks  
  22  2:26  Supply Depot  
  22  2:27  SCV  
  23  2:39  SCV  
  24  2:48  Marine x2  
  26  2:51  SCV  
  27  2:59  Orbital Command  
  27  3:04  Refinery, SCV  
  28  3:06  Marine x2  
  28  3:12  Marine, Barracks Tech Lab  
  31  3:20  SCV  
  31  3:23  Marine  
  31  3:24  Marine  
  33  3:31  Marine x2  
  32  3:41  Marine x2  
  32  3:48  Stimpack  
  31  3:49  Marine x2  
  31  4:01  Marine x2  
  30  4:04  SCV x2  
  30  4:06  Supply Depot  
  30  4:07  Marine  
  33  4:13  Marine  
  34  4:20  Factory  
  34  4:21  SCV  
  34  4:22  SCV  
  36  4:28  Marine x3  
  39  4:34  Marine  
  39  4:36  SCV x2  
  42  4:48  SCV x2  
  42  4:51  Marine x3, Engineering Bay  
  47  4:59  Marine  
  48  5:01  SCV  
  48  5:05  SCV  
  50  5:07  Starport  
  50  5:08  Factory Reactor  
  50  5:14  Supply Depot, SCV  
  51  5:18  SCV  
  52  5:21  Terran Infantry Weapons Level 1  
  52  5:23  Missile Turret  
  52  5:25  Missile Turret  
  52  5:26  SCV  
  53  5:29  Barracks Reactor  
  53  5:30  SCV  
  54  5:37  Supply Depot  
  54  5:40  SCV  
  54  5:42  SCV  
  56  5:45  Barracks  
  56  5:47  Barracks  
  56  5:51  Medivac  
  56  5:52  Medivac, SCV  
  61  5:57  Marine  
  61  5:59  Marine x2  
  61  6:02  SCV  
  65  6:05  Supply Depot  
  65  6:08  Combat Shield  
  65  6:10  Engineering Bay  
  65  6:11  SCV  
  66  6:14  Marine  
  66  6:15  Supply Depot  
  66  6:16  Marine, SCV  
  69  6:18  Refinery  
  69  6:20  Refinery  
  69  6:24  Supply Depot  
  69  6:29  SCV x2  
  71  6:37  Barracks Reactor x2  
  71  6:41  Barracks Tech Lab  
  71  6:43  Supply Depot  
  71  6:44  SCV  
  72  6:48  Marine x4  
  72  6:50  Medivac x2  
  80  6:55  Marine  
  80  6:58  Supply Depot  
  79  7:13  Armory, Marine x2  
  79  7:14  Marine x2  
  79  7:15  Marine x3, Marauder  
  88  7:30  Concussive Shells  
  88  7:33  Armory  
  88  7:36  Supply Depot  
  88  7:37  Supply Depot  
  83  7:45  Marine x5  
  83  7:46  Marine, Marauder  
  89  7:51  Medivac x2  
  95  7:58  Marauder  
  95  8:04  Supply Depot  
  95  8:05  Marine x5  
  98  8:06  Supply Depot, Marine  
Show
View Real Time Build Order
Export as new Build Order

TrillyTheKid Protoss - Winner!

Build Orders:  

Get SALT Encoding   

  1  0:00  Probe  
  12  0:06  Probe  
  14  0:19  Pylon  
  14  0:22  Probe  
  15  0:37  Probe  
  15  0:42  Gateway  
  16  0:45  Assimilator  
  16  0:49  Probe  
  17  1:00  Probe  
  18  1:16  Probe  
  19  1:33  Cybernetics Core  
  19  1:35  Probe  
  20  1:50  Assimilator, Probe  
  20  1:51  Nexus  
  21  2:03  Zealot  
  23  2:12  Pylon  
  23  2:30  Probe  
  24  2:42  Stargate  
  24  2:44  Probe  
  25  2:45  Stargate  
  25  2:57  Probe  
  26  3:02  Probe  
  27  3:13  Assimilator  
  27  3:14  Probe  
  27  3:15  Probe  
  27  3:19  Assimilator  
  29  3:30  Void Ray  
  33  3:36  Void Ray  
  33  3:39  Probe x2  
  39  3:50  Pylon  
  39  4:10  Probe  
  39  4:11  Probe  
  39  4:17  Void Ray  
  44  4:33  Probe x2  
  43  4:45  Probe x2  
  47  5:01  Probe  
  47  5:02  Probe, Pylon  
  47  5:05  Shield Battery  
  47  5:26  Void Ray  
  47  5:28  Void Ray  
  55  6:03  Probe x2  
  53  6:11  Stargate  
  53  6:12  Probe x2  
  55  6:19  Void Ray  
  55  6:23  Probe x2  
  61  6:45  Probe  
  62  6:51  Pylon  
  62  7:08  Void Ray  
  62  7:09  Probe  
  67  7:22  Void Ray  
  55  7:30  Void Ray  
  63  7:46  Probe x2  
  65  7:53  Pylon  
  65  8:16  Pylon  
  65  8:19  Stargate  
  65  8:20  Nexus, Pylon  
Tags
 
Add a new tag
Caveats
  • Supply blocks, unpowered buildings, or Contaminate may cause inaccurate times.
  • Supply counts are checked every 10 seconds.